 Dungeon Crawl Stone Soup version 0.28.0-45-g0d030f2227 (webtiles) character file.

Game seed: 1932551278420209129

520864 CryoSword the Bewitcher (level 25, -2/129 (139) HPs)
             Began as a Vine Stalker Enchanter on Apr 18, 2022.
             Was the Champion of Dithmenos.
             Killed from afar by a quicksilver dragon (19 damage)
             ... with a bolt of dispelling energy
             ... on level 5 of the Vaults on Apr 19, 2022.
             The game lasted 03:20:18 (54174 turns).

CryoSword the Bewitcher (Vine Stalker Enchanter)   Turns: 54174, Time: 03:20:19

HP:   -2/129 (139)  AC: 28    Str: 16    XL:     25   Next: 87%
MP:   0/41          EV: 16    Int: 37    God:    Dithmenos [******]
Gold: 2876          SH: 32    Dex: 30    Spells: 1/50 levels left

rFire   + + .      SeeInvis +   a - +9 quick blade (elec)
rCold   + . .      Faith    .   A - +4 tower shield {AC+3}
rNeg    + . .      Spirit   +   S - +1 ring mail "Xioxid" {rN+ Will+ Str+2 Slay+3}
rPois   .          Reflect  +   G - +1 helmet {Int+3}
rElec   +          Harm     .   x - scarf {rC+ rF+}
rCorr   .          Rampage  .   B - +2 pair of gloves {Dex+3}
Will    +++++                   w - +5 pair of boots "Zoacsuve" {Will+ Dex+5} Stlth ****++++++
                                g - amulet of reflection
HPRegen 1.11/turn               V - ring of Benevolence {Wiz rElec Str+2 Int+7 Dex+4}
MPRegen 0.27/turn               E - ring "Regibb" {rF+ AC+4 Int+6 Dex-2 SInv}

@: wreathed by umbra, studying Polearms, drained
A: fangs 3, regeneration 1, magic shield, antimagic bite, no potion heal 2
}: 2/15 runes: decaying, serpentine
a: Renounce Religion, Shadow Step, Shadow Form


You were on level 5 of the Vaults.
You worshipped Dithmenos.
Dithmenos was exalted by your worship.
You visited 9 branches of the dungeon, and saw 44 of its levels.
You visited 1 bazaar.
You also visited: Trove, Bailey, Gauntlet, Volcano and Wizlab.

You collected 7077 gold pieces.
You spent 4201 gold pieces at shops.

Inventory:

Hand Weapons
 a - a +9 quick blade of electrocution (weapon)
   (You acquired it on level 6 of the Dungeon)
 H - the +8 dagger "Xom's Passing Interest" {spect, rN+}
   (You found it in a wizard's laboratory)

   When its wielder attacks, the weapon's spirit leaps out and strikes again.
   The spirit shares a part of any damage it takes with its wielder.
   rN:        It protects you from negative energy.
 J - a +5 eudemon blade of holy wrath
   (You took it off a daeva on level 2 of the Depths)
Missiles
 l - 47 boomerangs
 M - 2 boomerangs of dispersal {!f}
 N - 6 silver boomerangs
 T - 13 curare-tipped darts
Armour
 w - the +5 pair of boots "Zoacsuve" (worn) {Will+ Dex+5}
   (You found it in a Gauntlet)

   Dex:       It affects your dexterity (+5).
   Will:      It increases your willpower.
 x - a scarf of resistance (worn)
   (You found it on level 4 of the Vaults)
 A - a +4 tower shield of protection (worn)
   (You took it off a naga warrior on level 4 of the Snake Pit)
 B - a +2 pair of gloves of dexterity (worn)
   (You bought it in a shop in a bazaar)
 G - a +1 helmet of intelligence (worn)
   (You found it on level 3 of the Elven Halls)
 S - the +1 ring mail "Xioxid" (worn) {rN+ Will+ Str+2 Slay+3}
   (You found it on level 3 of the Swamp)

   Str:       It affects your strength (+2).
   Slay:      It affects your accuracy & damage with ranged weapons and melee
   (+3).
   rN:        It protects you from negative energy.
   Will:      It increases your willpower.
 W - a +2 cloak of preservation
   (You found it in a Gauntlet)
Jewellery
 c - a ring of protection from fire
   (You found it on level 3 of the Vaults)
 g - an amulet of reflection (around neck)
   (You found it on level 1 of the Dungeon)
 j - the ring "Lacawoitt" {MP+9 Slay+3}
   (You found it on level 2 of the Dungeon)

   [ring of magical power]

   Slay:      It affects your accuracy & damage with ranged weapons and melee
   (+3).
   MP:        It affects your magic capacity (+9).
 m - the ring "Gashuff" {Wiz rElec Str+6}
   (You took it off a hell knight on level 4 of the Depths)

   [ring of wizardry]

   It improves your spell success rate.
   Str:       It affects your strength (+6).
   rElec:     It insulates you from electricity.
 n - the amulet "Tyqirr" {RegenMP rC++ rCorr}
   (You found it in a treasure trove)

   [amulet of magic regeneration]

   It increases your rate of magic regeneration.
   rC:        It greatly protects you from cold.
   rCorr:     It protects you from acid and corrosion.
 q - the ring "Daci" {rN+ Will+ Int+5}
   (You found it in a treasure trove)

   [ring of willpower]

   Int:       It affects your intelligence (+5).
   rN:        It protects you from negative energy.
   Will:      It increases your willpower.
 C - a ring of flight
   (You found it in a treasure trove)
 E - the ring "Regibb" (right hand) {rF+ AC+4 Int+6 Dex-2 SInv}
   (You found it on level 4 of the Depths)

   [ring of protection]

   AC:        It affects your AC (+4).
   Int:       It affects your intelligence (+6).
   Dex:       It affects your dexterity (-2).
   rF:        It protects you from fire.
   SInv:      It lets you see invisible.
 R - the ring "Bineur" {rPois rC+ Will+ Int-4 Slay+3}
   (You acquired it on level 3 of the Snake Pit)

   [ring of protection from cold]

   Int:       It affects your intelligence (-4).
   Slay:      It affects your accuracy & damage with ranged weapons and melee
   (+3).
   rC:        It protects you from cold.
   rPois:     It protects you from poison.
   Will:      It increases your willpower.
 V - the ring of Benevolence (left hand) {Wiz rElec Str+2 Int+7 Dex+4}
   (You found it in a treasure trove)

   [ring of wizardry]

   It improves your spell success rate.
   Str:       It affects your strength (+2).
   Int:       It affects your intelligence (+7).
   Dex:       It affects your dexterity (+4).
   rElec:     It insulates you from electricity.
Wands
 e - a wand of digging (18)
   (You found it on level 8 of the Dungeon)
 t - a wand of acid (5)
   (You found it on level 4 of the Depths)
 I - a wand of iceblast (62) (quivered)
   (You took it off Ijyb on level 3 of the Dungeon)
Scrolls
 f - 8 scrolls of vulnerability {!r}
 o - 12 scrolls of magic mapping
 p - 3 scrolls of summoning
 r - 27 scrolls of teleportation {@r4}
 s - 3 scrolls of fog
 y - 2 scrolls of fear
 F - 9 scrolls of silence
 Q - a scroll of holy word
Potions
 b - 6 potions of resistance
 d - 14 potions of curing {@q1}
 h - 4 potions of lignification {!q}
 i - 7 potions of flight
 k - 11 potions of might
 u - 12 potions of mutation {!q}
 v - 4 potions of cancellation
 z - 7 potions of haste {@q3}
 K - 7 potions of brilliance
 L - 3 potions of berserk rage
 O - 11 potions of magic
Miscellaneous
 P - a condenser vane
   (You bought it in a shop on level 6 of the Dungeon)


   Skills:
 + Level 16.4 Fighting
 + Level 10.5 Short Blades
 + Level 12.4 Armour
 - Level 7.0 Dodging
 + Level 18.7 Stealth
 * Level 15.4 Shields
 + Level 13.2 Spellcasting
 + Level 6.0 Conjurations
 * Level 18.8 Hexes
 - Level 5.0 Translocations
 + Level 9.3 Transmutations
 - Level 9.0 Ice Magic
 - Level 7.0 Earth Magic
 + Level 14.7 Invocations


You had one spell level left.
You knew the following spells:

 Your Spells              Type           Power      Damage    Failure   Level
a - Ensorcelled Hibernat  Hex/Ice        100%       N/A       1%          2
b - Confusing Touch       Hex            100%       N/A       0%          3
c - Tukima's Dance        Hex            100%       N/A       0%          3
d - Dazzling Flash        Conj/Hex       100%       N/A       1%          3
e - Cause Fear            Hex            52%        N/A       1%          4
f - Metabolic Englaciati  Hex/Ice        45%        N/A       1%          5
g - Petrify               Tmut/Erth      71%        N/A       1%          4
h - Yara's Violent Unrav  Hex/Tmut       46%        3d18      1%          5
i - Enfeeble              Hex            52%        N/A       1%          7
j - Discord               Hex            52%        N/A       10%         8
A - Apportation           Tloc           100%       N/A       1%          1
B - Blink                 Tloc           100%       N/A       1%          2
P - Passwall              Tmut/Erth      59%        N/A       1%          2

Your spell library contained the following spells:

 Spells                   Type           Power      Damage    Failure   Level
 Foxfire                  Conj/Fire      100%       2x1d9     1%          1
 Sandblast                Erth           100%       2d20      1%          1
 Shock                    Conj/Air       100%       1d9       1%          1
 Animate Skeleton         Necr           48%        N/A       3%          1
 Pain                     Necr           96%        1d8       3%          1
 Summon Small Mammal      Summ           96%        N/A       3%          1
 Searing Ray              Conj           100%       2d8       1%          2
 Gell's Gravitas          Tloc           57%        N/A       1%          3
 Inner Flame              Hex/Fire       76%        N/A       1%          3
 Lesser Beckoning         Tloc           57%        N/A       1%          3
 Ozocubu's Armour         Ice            74%        N/A       1%          3
 Portal Projectile        Hex/Tloc       100%       N/A       1%          3
 Spider Form              Tmut/Pois      56%        N/A       1%          3
 Stone Arrow              Conj/Erth      100%       3d13      1%          3
 Summon Guardian Golem    Hex/Summ       76%        N/A       1%          3
 Teleport Other           Tloc           57%        N/A       1%          3
 Hailstorm                Conj/Ice       69%        3d14      1%          4
 Ice Form                 Ice/Tmut       75%        N/A       1%          4
 Leda's Liquefaction      Hex/Erth       44%        N/A       1%          4
 Blade Hands              Tmut           38%        N/A       1%          5
 Ignite Poison            Fire/Tmut/Pois 47%        N/A       2%          3
 Conjure Flame            Conj/Fire      46%        6-21      3%          3
 Iskenderun's Mystic Bla  Conj/Tloc      60%        2d13      3%          4
 Passage of Golubria      Tloc           57%        N/A       4%          4
 Irradiate                Conj/Tmut      34%        3d25      4%          5
 Corpse Rot               Necr/Air       48%        N/A       5%          2
 Scorch                   Fire           48%        2d7       5%          2
 Animate Armour           Summ/Erth      100%       N/A       9%          4
 Iskenderun's Battlesphe  Conj           62%        2d11      9%          5
 Flame Wave               Conj/Fire      46%        2d10      10%         4
 Sticky Flame             Conj/Fire      46%        2d6       10%         4
 Call Canine Familiar     Summ           24%        N/A       11%         3
 Swiftness                Air            24%        N/A       11%         3
 Vampiric Draining        Necr           24%        2d7       11%         3
 Manifold Assault         Tloc           57%        N/A       12%         5
 Alistair's Intoxication  Tmut/Pois      37%        N/A       14%         5
 Statue Form              Tmut/Erth      47%        N/A       19%         6
 Fireball                 Conj/Fire      23%        3d11      26%         5
 Airstrike                Air            12%        N/A       32%         4
 Animate Dead             Necr           12%        N/A       32%         4
 Dispel Undead            Necr           24%        3d12      32%         4
 Olgreb's Toxic Radiance  Pois           24%        N/A       32%         4
 Summon Lightning Spire   Summ/Air       24%        N/A       32%         4
 Summon Forest            Summ/Tloc      21%        N/A       32%         5
 Iron Shot                Conj/Erth      32%        9d7       32%         6
 Dragon Form              Tmut           38%        N/A       50%         7
 Dispersal                Tloc           28%        N/A       52%         6
 Ozocubu's Refrigeration  Ice            37%        4d12      56%         7
 Eringya's Noxious Bog    Tmut/Pois      28%        N/A       58%         6
 Simulacrum               Ice/Necr       27%        N/A       61%         6
 Agony                    Necr           24%        N/A       65%         5
 Excruciating Wounds      Necr           12%        N/A       65%         5
 Conjure Ball Lightning   Conj/Air       23%        3x3d6     80%         6
 Starburst                Conj/Fire      23%        6d8       80%         6
 Orb of Destruction       Conj           31%        9d10      91%         7
 Storm Form               Tmut/Air       28%        N/A       98%         7
 Death Channel            Necr           12%        N/A       99%         6
 Summon Cactus Giant      Summ           12%        N/A       99%         6
 Haunt                    Necr/Summ      12%        N/A       100%        7
 Spellforged Servitor     Conj/Summ      23%        N/A       100%        7
 Summon Hydra             Summ           12%        N/A       100%        7
 Disjunction              Tloc           28%        N/A       100%        8
 Ignition                 Fire           12%        3d6       100%        8
 Infestation              Necr           12%        N/A       100%        8
 Death's Door             Necr           12%        N/A       100%        9


Dungeon Overview and Level Annotations

Branches:
Dungeon (15/15)            Temple (1/1) D:5            Lair (6/6) D:11
  Swamp (4/4) Lair:4        Snake (4/4) Lair:2        Slime (0/5) Lair:6
    Orc (2/2) D:11            Elf (3/3) Orc:2        Vaults (5/5) D:14
  Crypt (0/3) Vaults:2     Depths (4/4) D:15            Zot (0/5) Depths:4
 Bailey (visited)         Volcano (visited)          WizLab (visited)
Gauntlet (visited)

Altars:
Ashenzari
Cheibriados
Dithmenos
Elyvilon
Hepliaklqana
Kikubaaqudgha
Makhleb
Okawaru
Qazlal
Ru
Sif Muna
Trog
Vehumet
Wu Jian
Xom
Yredelemnul
Zin
The Shining One
Beogh
Jiyva

Shops:
D:3 ?   D:6 *   D:8 [   D:11 *   D:13 :=(   Orc:2 (([!   Snake:1 :   Snake:3 **
Snake:4 (   Vaults:5 ?   Depths:1 :

Portals:
Hell: Depths:1 Depths:2 Depths:3 Depths:4
Abyss: Depths:3 Depths:4
Pandemonium: Depths:2 Depths:4
Ziggurat: Depths:2

Annotations:
D:10 3 runed translucent doors, exclusion: 3 doors, Elsvaer's ghost, journeyman DECj
Swamp:4 Lernaean hydra
Snake:1 2 runed translucent doors, exclusion: 2 doors, spica's ghost, adept HOBe
Depths:2 exclusions: eye of devastation, 2 great orbs of eyes, shining eye and 1 more exclusion


Innate Abilities, Weirdness & Mutations

You have razor-sharp teeth.
Your natural rate of healing is unusually fast.
When hurt, damage is shared between your health and your magic reserves.
Your bite disrupts and absorbs the magic of your enemies.
Potions cannot restore your health.


Message History

The dread lich casts a spell.
The dread lich seems to speed up.
You hit the dread lich but do no damage.
You bite the dread lich, but do no damage.
Your shadow hits the dread lich but does no damage.
The titan waves its arms in wide circles.
The air twists around and strikes you!!
You hit the dread lich but do no damage.
You bite the dread lich.
The dread lich's magic leaks into the air.
You drain its magic.
You feel invigorated.
Your shadow hits the dread lich but does no damage.
The golden dragon is no longer weakened.
The dread lich misses you. You block the golden dragon's attack.
The golden dragon claws you but does no damage.
The golden dragon tramples you but does no damage.
You hit the dread lich but do no damage.
Your bite misses the dread lich.
Your shadow closely misses the dread lich.
You block the dread lich's attack.
You hit the dread lich but do no damage.
You bite the dread lich, but do no damage.
A deep elf high priest comes into view. It is wielding a +0 long sword.
You block the golden dragon's attack. The golden dragon closely misses you.
You block the golden dragon's attack. The dread lich closely misses you.
You hit the dread lich but do no damage.
You bite the dread lich, but do no damage.
Your shadow hits the dread lich with a quick blade.
A golden eye comes into view.
You block the dread lich's attack.
You hit the dread lich but do no damage.
You bite the dread lich, but do no damage.
Your shadow hits the dread lich but does no damage.
The dread lich's magic is no longer disrupted.
The golden dragon bites you but does no damage.
You block the golden dragon's attack.
The golden dragon completely misses you.
You hit the dread lich but do no damage.
Your bite misses the dread lich.
The dread lich gestures wildly while chanting.
You hit the dread lich but do no damage.
You bite the dread lich.
The dread lich's magic leaks into the air.
You drain its magic.
You feel invigorated.
Your shadow hits the dread lich but does no damage.
The dread lich's magic is no longer disrupted.
The deep elf high priest utters an invocation to its god.
The deep elf high priest begins emitting a brilliant aura!
The titan is empowered by the deep elf high priest's aura! x2
The vault warden is empowered by the deep elf high priest's aura!
The dread lich casts a spell.
The golden dragon breathes fire at you. The bolt of fire hits you! You resist.
You emit a cloud of dark smoke.
You hear a shout!
You hit the dread lich but do no damage.
You bite the dread lich!
The dread lich's magic leaks into the air.
You drain its magic.
You feel invigorated. You block the dread lich's attack.
You hit the dread lich but do no damage.
Your bite misses the dread lich.
Your shadow hits the dread lich with a quick blade.
You block the golden dragon's attack. x3; The lorocyproca hits you!
* * * LOW HITPOINT WARNING * * *
You feel your power leaking away.
Unknown command.
Here: a dread lich (black smoke, heavily damaged, fast, slightly transparent, magic disrupted, umbra)
The floor.
Unknown command.
As you read the scroll of teleportation {@r4}, it crumbles to dust.
You feel strangely unstable. You block the dread lich's attack.
The dread lich touches you!
* * * LOW HITPOINT WARNING * * *
You partially resist.
You feel drained.
* * * LOW HITPOINT WARNING * * *
You block the golden dragon's attack. The golden dragon barely misses you.
You block the golden dragon's attack. You block the lorocyproca's attack.
Unknown command.
The titan resists with almost no effort.
The golden dragon resists with almost no effort.
The titan resists with almost no effort.
The lorocyproca easily resists.
The dread lich is unaffected.
You block the dread lich's attack.
The titan waves its arms in wide circles.
The air twists around and strikes you!!
* * * LOW HITPOINT WARNING * * *
You emit a cloud of dark smoke.
The golden dragon bites you.
* * * LOW HITPOINT WARNING * * *
The golden dragon claws you!
* * * LOW HITPOINT WARNING * * *
You block the golden dragon's attack.
The titan waves its arms in wide circles.
The air twists around and strikes you!!
* * * LOW HITPOINT WARNING * * *
The lorocyproca hits you!
* * * LOW HITPOINT WARNING * * *
You feel your power leaking away.
Blink to where?
As you read the scroll of blinking, it crumbles to dust.
Okay, then.
Unknown command.
Unknown command.
Unknown command.
Okay, then.
Here: a dread lich (black smoke, moderately damaged, fast, slightly transparent, magic disrupted, umbra)
The floor.
Okay, then.
As you read the scroll of summoning, it crumbles to dust.
Wisps of shadow whirl around you... You block the dread lich's attack.
You swap places.
Your surroundings suddenly seem different.
A broodmother comes into view.
Found five items.
You block the broodmother's attack.
You don't have enough magic to cast this spell.
As you read the scroll of fear, it crumbles to dust.
You assume a fearsome visage.
The broodmother looks frightened!
The broodmother changes into a satyr!
You barely miss the satyr.
The hornet buzzes angrily.
You bite the satyr.
The satyr's magic leaks into the air.
You drain its magic.
You feel invigorated.
Your shadow hits the satyr with a quick blade.
You hear a deafening roar!
A quicksilver dragon comes into view.
You hear a deafening roar!
You hit the satyr but do no damage. Lightning courses through the satyr!
Your bite misses the satyr.
As you read the scroll of fear, it crumbles to dust.
You assume a fearsome visage.
The quicksilver dragon resists with almost no effort.
The satyr looks frightened!
The hornet looks frightened!
The satyr changes into a quicksilver ooze!
You catch the helpless quicksilver ooze completely off-guard!
You perforate the quicksilver ooze like a sieve!!!
You kill the quicksilver ooze!
Dithmenos accepts your kill.
You see here a staff of earth.
Okay, then.
Unknown command.
Here: a quicksilver dragon (umbra)
The floor.
Okay, then.
Unknown command.
As you read the scroll of summoning, it crumbles to dust.
Wisps of shadow whirl around you...
You swap places.
The quicksilver dragon breathes dispelling energy at you.
The bolt of dispelling energy hits your stone giant!
The bolt of dispelling energy hits your necromancer!!
The bolt of dispelling energy hits you!!
You die... ..##.......... ..###......... #.
Duu###........ #.. ...u###....... #...
Q.CDD#

#...... #....
..p..C#
#..... #p....
...L... #)).:
#pp.... #/|[
##?p.....
#|###@.p.....
#p.p......
#....#
##.C.p....
#....#
##}D.....
#....#
#......
#....# #.....
#....# #....
#....# #...
#....# #..
#....# #


You could see a quicksilver dragon (catching breath, ally target), a friendly
stone giant (summoned), 7 friendly hell knights and a friendly necromancer
(summoned).

Vanquished Creatures
  A dread lich (Depths:4)
  Saint Roka (Depths:4)
  Boris (thrice) (Vaults:2 Depths:2 Depths:4)
  Xtahua (Vaults:2)
  Vashnia (Snake:2)
  A Cloud Mage (WizLab)
  Jorgrun (Snake:3)
  A walking crystal tome (Depths:4)
  7 tentacled monstrosities
  2 liches
  The ghost of LetschGu the Convoker, an adept KoSu of Ashenzari (Swamp:3)
  A walking earthen tome (Depths:4)
  Mlioglotl (Snake:4)
  4 deep elf master archers (Elf:3)
  Asterion (Snake:2)
  8 deep elf blademasters
  A walking divine tome (Depths:4)
  8 sphinxes
  Kirke (Snake:1)
  A storm dragon (Vaults:1)
  5 tengu reavers
  A fenstrider witch (Swamp:1)
  A thorn hunter (Swamp:3)
  4 fire giants
  A nagaraja (Snake:3)
  4 shadow dragons
  A draconian knight (Depths:4)
  A daeva (Depths:2)
  5 frost giants
  2 deep elf sorcerers (Elf:3)
  Aizul (Snake:1)
  2 iron dragons
  13 vault wardens
  4 orc warlords
  A draconian scorcher (Depths:4)
  A deep elf elementalist (Elf:3)
  Louise (D:15)
  A balrug (Depths:1)
  2 war gargoyles (Vaults:4)
  A reaper (Depths:2)
  A quicksilver ooze (shapeshifter) (Vaults:5)
  16 ironbound preservers
  A draconian annihilator (Depths:4)
  13 ironbound thunderhulks
  A juggernaut skeleton (Depths:3)
  9 very ugly things
  A spriggan defender (Depths:4)
  7 stone giants
  A vampire knight (Depths:3)
  8 deep elf annihilators
  6 eleionomae
  2 deep elf demonologists (Elf:3)
  5 bunyips
  6 dire elephants
  A minotaur (Gauntlet)
  Azrael (D:12)
  A blizzard demon (WizLab)
  An entropy weaver (Vaults:3)
  7 spark wasps
  A crystal guardian (Vaults:1)
  Snorg (Lair:6)
  4 deep elf death magi
  3 jiangshi
  7 fire dragons
  13 ettins
  The ghost of Flure the Lord of Darkness, a journeyman HuNe of Kikubaaqudgha (D:12)
  6 yaktaur captains
  Josephine (D:13)
  6 great orbs of eyes
  16 naga warriors
  2 deep elf high priests
  5 ice dragons
  2 spriggan zombies (Depths:3)
  A shambling mangrove (Swamp:3)
  4 peacekeepers
  23 hydras
  2 rakshasas (Depths:2)
  6 boulder beetles
  12 vault guards
  6 spriggan air magi
  8 ghost crabs
  A radroach (shapeshifter) (Gauntlet)
  3 salamander tyrants (Snake:4)
  2 hell beasts
  2 catoblepae (Lair:6)
  An ogre mage (Vaults:4)
  9 ironbound frosthearts
  17 anacondas
  7 two-headed ogres
  22 dancing weapons
  The ghost of kelmiir the Thaumaturge, a novice DrEE of Qazlal (D:9)
  20 centaur warriors
  7 deep troll earth magi
  A two-headed ogre (shapeshifter) (D:14)
  4 tengu warriors
  2 vampire magi
  8 deep troll shamans
  7 alligators
  A satyr (shapeshifter) (Gauntlet)
  7 death yaks (Lair:6)
  An orc high priest (Elf:3)
  17 shock serpents
  5 spriggan berserkers
  10 naga sharpshooters
  The ghost of Zippel the Magician, a novice DjWr of Qazlal (D:7)
  An alligator (shapeshifter) (Gauntlet)
  12 spriggans
  26 hell knights
  A soul eater (Depths:3)
  4 sun demons
  Sonja (Lair:5)
  13 deep elf knights
  A fire crab (Lair:6)
  5 goliath frogs
  4 salamander mystics
  A shadow wraith (Vaults:5)
  A quicksilver dragon simulacrum (Depths:3)
  A sixfirhy (Depths:2)
  10 spriggan druids
  7 iron trolls
  A sea snake (shapeshifter) (Vaults:3)
  5 glowing orange brains
  7 death drakes
  13 lindwurms
  A flayed ghost (Depths:3)
  14 swamp dragons
  13 bog bodies
  6 naga ritualists
  15 ironbound convokers
  2 phantasmal warriors
  7 harpies
  A lindwurm (shapeshifter) (Depths:4)
  53 deep trolls
  16 wizards
  15 necromancers
  29 deep elf pyromancers
  13 deep elf archers
  40 ugly things
  A cyclops (shapeshifter) (Elf:3)
  15 mana vipers
  27 deep elf zephyrmancers
  A manticore (shapeshifter) (Vaults:5)
  An orc sorcerer (Orc:2)
  11 orc knights
  An iron dragon skeleton (Depths:3)
  2 sphinx skeletons (Depths:3)
  22 salamanders
  A wolf spider (D:15)
  5 will-o-the-wisps
  4 cyclopes
  4 apocalypse crabs (WizLab)
  9 manticores
  Maurice (D:12)
  9 elephants
  15 vault sentinels
  36 black mambas
  9 naga magi
  4 guardian serpents
  11 cane toads
  A gargoyle (D:12)
  5 torpor snails
  3 smoke demons
  32 yaktaurs
  A spark wasp simulacrum (Depths:3)
  2 efreet
  2 freezing wraiths
  10 komodo dragons
  3 kobold demonologists (D:11)
  2 rime drakes
  5 tengu conjurers
  4 ice devils
  A hellwing (Depths:3)
  A troll (shapeshifter) (Gauntlet)
  A red devil (Depths:3)
  4 polar bears
  14 tyrant leeches
  A wolf spider simulacrum (D:12)
  9 hornets
  4 bloated husks
  4 meliai
  3 wind drakes (WizLab)
  21 blink frogs
  3 trolls
  A tarantella (shapeshifter) (Depths:4)
  70 slime creatures
  A jumping spider (shapeshifter) (D:14)
  16 air elementals (WizLab)
  5 flying skulls (Gauntlet)
  4 vampires
  6 wraiths
  2 ynoxinuls (Depths:2)
  6 water elementals
  4 wyverns
  8 fire bats (Volcano)
  8 fire elementals
  3 hogs (Snake:1)
  39 yaks
  A yak (shapeshifter) (D:14)
  3 basilisks
  2 neqoxecs (Depths:3)
  13 wargs
  6 steam dragons
  A chaos spawn (Depths:2)
  2 large abominations (Elf:1)
  4 vampire mosquitoes
  14 swamp worms
  36 nagas
  An acid dragon (shapeshifter) (D:10)
  18 water moccasins
  2 floating eyes (Depths:4)
  8 swamp drakes
  A sky beast (D:7)
  7 hell hounds
  57 orc warriors
  A hornet zombie (D:5)
  An ice beast (D:6)
  A black bear (Lair:6)
  18 wolves
  6 ogres
  A boggart (Vaults:3)
  5 centaurs
  2 phantoms
  3 elf zombies (Elf:1)
  8 kobold brigands (Bailey)
  A gnoll sergeant (D:9)
  9 bullfrogs
  5 earth elementals
  A glowing shapeshifter simulacrum (Depths:3)
  3 scorpions
  A wyvern skeleton (D:7)
  A water moccasin skeleton (D:6)
  6 killer bees
  7 wights
  6 howler monkeys
  5 electric eels
  2 centaur zombies
  2 hounds
  A gnoll shaman (D:9)
  3 jellies
  31 orc priests
  7 iguanas
  A scorpion zombie (D:5)
  Ijyb (D:3)
  27 orc wizards
  4 hell rats
  A killer bee zombie (D:8)
  A hound skeleton (D:4)
  A mummy (D:6)
  A howler monkey zombie (D:8)
  11 gnolls
  9 adders
  9 river rats
  4 shadow imps
  2 white imps
  An ufetubus (D:5)
  An adder skeleton (D:4)
  3 worms
  The ghost of Descartes the Sneak, a weakling TrDe (D:5)
  3 dart slugs
  135 orcs
  9 endoplasms
  2 giant cockroaches
  12 goblins
  8 hobgoblins
  4 jackals
  12 kobolds
  A quokka (D:2)
  7 ball pythons
  4 bats (D:1)
  4 frilled lizards
  2 hobgoblin zombies (D:6)
  2 kobold zombies (D:6)
  14 rats
1919 creatures vanquished.

Vanquished Creatures (collateral kills)
  A vault warden (Vaults:5)
  A war gargoyle (Vaults:4)
  An ettin (Orc:2)
  16 vault guards (Vaults:5)
  A phantasmal warrior (Vaults:5)
  An orc warrior (Orc:2)
  A wight (D:9)
  3 orcs
25 creatures vanquished.

Vanquished Creatures (others)
  A deep elf sorcerer (Elf:3)
  A deep elf death mage (Elf:3)
  A blizzard demon (Depths:3)
  A vault guard (Vaults:5)
  A centaur warrior (Vaults:1)
  A deep elf pyromancer (Elf:2)
  A necromancer (Depths:4)
  An ugly thing (Vaults:1)
  A black mamba (Snake:3)
  4 bloated husks
  6 dancing weapons
  A warg (Elf:3)
  2 orcs
  A kobold (D:11)
  2 bushes
  11 foxfires
  38 fungi
  47 plants
121 creatures vanquished.

Grand Total: 2065 creatures vanquished

Notes
Turn   | Place    | Note
-------+----------+-------------------------------------------
     0 | D:1      | CryoSword the Vine Stalker Enchanter began the quest for
                  | the Orb.
     0 | D:1      | Reached XP level 1. HP: 9/9 MP: 4/4
    54 | D:1      | Reached skill level 1 in Short Blades
   113 | D:1      | Reached XP level 2. HP: 13/13 MP: 6/6
   168 | D:1      | Learned a level 2 spell: Ensorcelled Hibernation
   741 | D:1      | Reached XP level 3. HP: 17/17 MP: 7/7
  1181 | D:2      | Identified the ring "Lacawoitt" {MP+9 Slay+3}
  1195 | D:2      | Gained mutation: Your natural rate of healing is unusually
                  | fast. [Vine Stalker growth]
  1195 | D:2      | Reached XP level 4. HP: 18/21 MP: 5/8
  1640 | D:1      | Reached skill level 1 in Fighting
  1657 | D:2      | Reached XP level 5. HP: 25/25 MP: 9/9
  1661 | D:2      | Learned a level 3 spell: Confusing Touch
  1665 | D:2      | Learned a level 3 spell: Tukima's Dance
  1861 | D:3      | Found Lafo's Magic Scroll Boutique.
  1889 | D:2      | Reached skill level 5 in Stealth
  2250 | D:3      | Reached XP level 6. HP: 30/30 MP: 11/11
  2335 | D:3      | Bought a scroll of identify for 26 gold pieces
  2335 | D:3      | Bought a scroll of teleportation for 39 gold pieces
  2335 | D:3      | Bought a scroll of identify for 26 gold pieces
  2725 | D:3      | Noticed Ijyb
  2735 | D:3      | Killed Ijyb
  2917 | D:4      | Reached XP level 7. HP: 26/34 MP: 6/12
  3084 | D:4      | You fall into a shaft and drop 1 floor!
  3084 | D:5      | Entered Level 5 of the Dungeon
  3501 | D:5      | Found a runed translucent door.
  3502 | D:5      | Noticed Descartes's ghost (weakling TrDe)
  3570 | D:5      | Found a runed translucent door.
  3681 | D:5      | Reached skill level 5 in Hexes
  3697 | D:5      | Gained mutation: You have razor-sharp teeth. [Vine Stalker
                  | growth]
  3697 | D:5      | Reached XP level 8. HP: 39/39 MP: 14/14
  3886 | D:5      | Learned a level 3 spell: Dazzling Flash
  3933 | D:5      | Found a staircase to the Ecumenical Temple.
  4000 | Temple   | Entered the Ecumenical Temple
  4304 | Temple   | Became a worshipper of Dithmenos the Shadowed
  4666 | D:3      | Bought a scroll of enchant weapon for 97 gold pieces
  4666 | D:3      | Bought a scroll of magic mapping for 45 gold pieces
  4666 | D:3      | Bought a scroll of immolation for 45 gold pieces
  4666 | D:3      | Bought a scroll of identify for 26 gold pieces
  4886 | D:6      | Found Jirhuf's Assorted Antiques.
  4895 | D:6      | Bought a scroll labelled ZIJUIQOQUJAY for 27 gold pieces
  5120 | D:7      | Reached XP level 9. HP: 32/44 MP: 16/16
  5124 | D:7      | Reached skill level 5 in Short Blades
  5160 | D:7      | Reached * piety under Dithmenos
  5193 | D:7      | Found a transporter.
  5193 | D:7      | Noticed Zippel's ghost (novice DjWr)
  5197 | D:7      | Noticed a six-headed hydra
  5198 | D:7      | Found a transporter.
  5307 | D:7      | Found a shimmering altar of Xom.
  5678 | D:8      | Found Quzxotro's Antique Armour Shop.
  5697 | D:8      | Noticed a two-headed ogre
  5701 | D:8      | Killed a two-headed ogre
  5722 | D:8      | Reached skill level 5 in Spellcasting
  5769 | D:8      | HP: 2/45 [killer bee (1)]
  5783 | D:7      | HP: 2/45 [killer bee (5)]
  5898 | D:8      | Reached XP level 10. HP: 49/49 MP: 18/18
  5973 | D:8      | Reached skill level 10 in Stealth
  6517 | D:3      | Bought a scroll of amnesia for 45 gold pieces
  6517 | D:3      | Bought a scroll of teleportation for 39 gold pieces
  6589 | D:9      | Reached ** piety under Dithmenos
  6606 | D:9      | Noticed kelmiir's ghost (novice DrEE)
  6746 | D:9      | Reached skill level 1 in Ice Magic
  6771 | D:9      | Reached skill level 1 in Conjurations
  6912 | D:9      | Noticed a cyclops
  7039 | D:9      | Found a transporter.
  7043 | D:9      | Found a transporter.
  7433 | D:9      | Reached *** piety under Dithmenos
  7638 | D:10     | Entered Level 10 of the Dungeon
  7638 | D:10     | Noticed a two-headed ogre
  7656 | D:9      | Killed a two-headed ogre
  7657 | D:9      | Reached skill level 1 in Shields
  7732 | D:10     | Reached XP level 11. HP: 46/54 MP: 20/20
  7840 | D:10     | Found a runed translucent gate.
  7840 | D:10     | Found a runed translucent gate.
  7840 | D:10     | Found a runed translucent gate.
  7847 | D:10     | Noticed a red ugly thing
  7848 | D:10     | Noticed a green ugly thing
  7849 | D:10     | Noticed a fire crab
  7849 | D:10     | a komodo dragon changed into a fire crab
  7852 | D:10     | a fire crab changed into a komodo dragon
  7931 | D:10     | Found a flagged portal.
  7971 | Bailey   | Entered a bailey
  8124 | Bailey   | Found a burning altar of Makhleb.
  8292 | D:8      | Bought a pair of jewelled gloves for 256 gold pieces
  8292 | D:8      | Identified the +2 pair of gloves of Azuloh {Str+2} (You
                  | bought it in a shop on level 8 of the Dungeon)
  8357 | D:6      | Bought 2 potions of might for 216 gold pieces
  8357 | D:6      | Bought a scroll of teleportation for 81 gold pieces
  8420 | D:3      | Bought a scroll of silence for 97 gold pieces
  8590 | D:10     | Noticed a two-headed ogre
  8612 | D:10     | Killed a two-headed ogre
  8954 | D:10     | Noticed a purple ugly thing
  8992 | D:11     | Found Veozxemp's General Store.
  9001 | D:11     | Bought 2 potions of attraction for 84 gold pieces
  9014 | D:11     | Reached skill level 5 in Fighting
  9052 | D:11     | Noticed a brown ugly thing
  9063 | D:11     | Killed a brown ugly thing
  9158 | D:11     | Reached **** piety under Dithmenos
  9506 | D:11     | Noticed a boulder beetle
  9513 | D:11     | Killed a boulder beetle
  9568 | D:11     | Found a staircase to the Lair.
  9793 | D:11     | Found a staircase to the Orcish Mines.
  9848 | D:12     | Reached XP level 12. HP: 41/60 MP: 20/22
  9922 | Lair:1   | Entered Level 1 of the Lair of Beasts
  9928 | Lair:1   | Learned a level 4 spell: Cause Fear
  9930 | Lair:1   | Learned a level 1 spell: Apportation
  9933 | Lair:1   | Learned a level 2 spell: Blink
 10271 | Lair:1   | Reached ***** piety under Dithmenos
 10370 | Lair:1   | Reached skill level 1 in Invocations
 11244 | Lair:2   | Found a staircase to the Snake Pit.
 11992 | Lair:3   | Noticed an eight-headed hydra
 12021 | Lair:3   | Killed an eight-headed hydra
 12097 | Lair:3   | Noticed a seven-headed hydra
 12103 | Lair:3   | Killed a seven-headed hydra
 12190 | Lair:3   | Found a dark tunnel.
 12196 | Volcano  | Entered a volcano
 12266 | Volcano  | Reached skill level 10 in Hexes
 12272 | Volcano  | Found a bloodstained altar of Trog.
 12282 | Volcano  | Noticed a fire dragon
 12284 | Volcano  | Reached skill level 5 in Shields
 12293 | Volcano  | Killed a fire dragon
 12298 | Volcano  | Reached skill level 1 in Armour
 12368 | Volcano  | Found a radiant altar of Vehumet.
 12550 | Lair:3   | Reached XP level 13. HP: 60/65 MP: 24/24
 12954 | Lair:4   | Identified the +1 scale mail of Bunneam {Slay+2}
 13039 | Lair:4   | Found a staircase to the Swamp.
 13095 | Lair:4   | Found a gate leading to a gauntlet.
 13107 | Gauntlet | Entered a Gauntlet
 13107 | Gauntlet | Found a transporter.
 13107 | Gauntlet | Found a transporter.
 13113 | Gauntlet | Found a transporter.
 13124 | Gauntlet | Found a runed translucent door.
 13127 | Gauntlet | Found a transporter.
 13143 | Gauntlet | Found a transporter.
 13144 | Gauntlet | Found a transporter.
 13144 | Gauntlet | Found a transporter.
 13146 | Gauntlet | Found a transporter.
 13146 | Gauntlet | Found a transporter.
 13148 | Gauntlet | Noticed a great orb of eyes
 13158 | Gauntlet | Found a transporter.
 13177 | Gauntlet | Found a transporter.
 13184 | Gauntlet | Found a transporter.
 13198 | Gauntlet | Found a transporter.
 13211 | Gauntlet | Noticed a bunyip
 13218 | Gauntlet | Found a transporter.
 13359 | Gauntlet | Noticed an entropy weaver
 13359 | Gauntlet | a goliath frog changed into an entropy weaver
 13361 | Gauntlet | an entropy weaver changed into a catoblepas
 13364 | Gauntlet | Noticed a storm dragon
 13364 | Gauntlet | a catoblepas changed into a storm dragon
 13379 | Gauntlet | Noticed a minotaur
 13379 | Gauntlet | a storm dragon changed into a minotaur
 13384 | Gauntlet | Noticed a storm dragon
 13389 | Gauntlet | Noticed an emperor scorpion
 13389 | Gauntlet | a storm dragon changed into an emperor scorpion
 13403 | Gauntlet | an emperor scorpion changed into a boulder beetle
 13440 | Gauntlet | Noticed a fire dragon
 13445 | Gauntlet | Noticed a bunyip
 13446 | Gauntlet | Noticed a great orb of eyes
 13446 | Gauntlet | a bunyip changed into a great orb of eyes
 13447 | Gauntlet | a great orb of eyes changed into an alligator
 13473 | Gauntlet | Identified the +5 pair of boots "Zoacsuve" {Will+ Dex+5}
 13598 | Gauntlet | Identified the ring "Moigijer" {rN+ Str+2}
 13702 | Gauntlet | Noticed a minotaur
 13715 | Gauntlet | Killed a minotaur
 13725 | Gauntlet | Got Zuzeop's Handbook of Dislocation
 13732 | Gauntlet | Identified the +8 hand crossbow of the Median {venom,
                  | Fragile Str+2 Dex+4}
 13733 | Gauntlet | Got the Almanac of the Compass
 14054 | Lair:4   | Found a snail-covered altar of Cheibriados.
 14469 | Lair:5   | Noticed Sonja
 14476 | Lair:5   | Killed Sonja
 14680 | Lair:5   | Reached ****** piety under Dithmenos
 14702 | Lair:5   | Reached skill level 1 in Translocations
 14950 | Lair:5   | Found a shimmering altar of Xom.
 15071 | Lair:6   | Entered Level 6 of the Lair of Beasts
 15075 | Lair:6   | Reached XP level 14. HP: 70/70 MP: 26/26
 15148 | Lair:6   | Identified the ring of Agnosticism {Fire rCorr Str+7 Int-2
                  | SInv}
 15269 | Lair:6   | Found a staircase to the Slime Pits.
 15269 | Lair:6   | Found a viscous altar of Jiyva.
 15391 | Lair:6   | Reached skill level 10 in Short Blades
 15791 | Lair:6   | Reached skill level 5 in Conjurations
 15844 | Lair:6   | Reached skill level 5 in Ice Magic
 15878 | Lair:6   | Learned a level 5 spell: Metabolic Englaciation
 15881 | Lair:6   | Learned a level 2 spell: Passwall
 16107 | Lair:6   | Noticed Snorg
 16126 | Lair:6   | Reached skill level 5 in Invocations
 16143 | Lair:6   | Reached skill level 1 in Earth Magic
 16158 | Lair:6   | Killed Snorg
 16159 | Lair:6   | Reached skill level 1 in Transmutations
 16585 | D:12     | Noticed Azrael
 16688 | D:12     | Noticed Maurice
 16693 | D:12     | Killed Maurice
 16939 | D:12     | Noticed a lich
 16939 | D:12     | Noticed Flure's ghost (journeyman HuNe)
 17190 | D:12     | Killed Azrael
 17340 | D:12     | Found a runed translucent door.
 17352 | D:12     | Found a runed translucent door.
 17737 | D:13     | Reached XP level 15. HP: 72/75 MP: 28/28
 17827 | D:13     | Found Puck's Book Shop.
 17828 | D:13     | Noticed Josephine
 17889 | D:13     | Found Unoiq's Weapon Boutique.
 17989 | D:13     | Killed Josephine
 18382 | D:13     | Found Xexoqi's Jewellery Shoppe.
 18592 | D:14     | Found a gate to the Vaults.
 18625 | D:14     | Identified a scroll of acquirement
 18626 | D:14     | Acquired 602 gold pieces
 18931 | D:15     | Entered Level 15 of the Dungeon
 19104 | D:15     | Noticed Louise
 19111 | D:15     | Killed Louise
 19257 | D:15     | Found a staircase to the Depths.
 19434 | D:15     | Learned a level 4 spell: Petrify
 19807 | D:15     | Found a snail-covered altar of Cheibriados.
 19942 | Orc:1    | Entered Level 1 of the Orcish Mines
 20009 | Orc:2    | Entered Level 2 of the Orcish Mines
 20401 | Orc:2    | Found Mumiripi's Weapon Shop.
 20401 | Orc:2    | Found Takloos's Weapon Emporium.
 20646 | Orc:2    | Found a staircase to the Elven Halls.
 20813 | Orc:2    | Found Ytawedyb's Armour Emporium.
 20888 | Orc:2    | Found Befulub's Distillery.
 20910 | Orc:2    | Bought a potion of resistance for 170 gold pieces
 20910 | Orc:2    | Bought a potion of resistance for 170 gold pieces
 20910 | Orc:2    | Bought a potion of haste for 170 gold pieces
 20910 | Orc:2    | Bought a potion of invisibility for 136 gold pieces
 20910 | Orc:2    | Bought a potion of might for 68 gold pieces
 20910 | Orc:2    | Bought a potion of might for 68 gold pieces
 22064 | D:6      | Bought a condenser vane for 1080 gold pieces
 22085 | D:6      | Acquired a +5 quick blade
 22135 | D:5      | Killed Descartes's ghost
 22222 | D:7      | Killed Zippel's ghost
 22344 | D:9      | Killed kelmiir's ghost
 22373 | D:9      | Identified the +2 chain mail "Vugygo" {rElec rC++ MP-9}
 22505 | D:10     | Reached XP level 16. HP: 81/81 MP: 30/30
 22589 | D:10     | Found a runed translucent gate.
 22589 | D:10     | Found a runed translucent gate.
 22597 | D:10     | Found a runed translucent gate.
 22604 | D:10     | Noticed Elsvaer's ghost (journeyman DECj)
 22801 | D:12     | Killed a lich
 22824 | D:12     | Killed Flure's ghost
 23117 | Swamp:1  | Entered Level 1 of the Swamp
 23316 | Lair:4   | Reached skill level 5 in Armour
 24037 | Swamp:1  | Noticed a fenstrider witch
 24040 | Swamp:1  | Killed a fenstrider witch
 24041 | Swamp:1  | Reached skill level 5 in Translocations
 25231 | Swamp:3  | Identified the +1 ring mail "Xioxid" {rN+ Will+ Str+2
                  | Slay+3}
 25307 | Swamp:3  | Noticed a thorn hunter
 25316 | Swamp:3  | Killed a thorn hunter
 25384 | Swamp:3  | Noticed a tentacled monstrosity
 25384 | Swamp:3  | Noticed a tentacled monstrosity
 25400 | Swamp:3  | Killed a tentacled monstrosity
 25418 | Swamp:3  | Killed a tentacled monstrosity
 25419 | Swamp:3  | Reached XP level 17. HP: 86/86 MP: 31/31
 25503 | Swamp:3  | Reached skill level 15 in Stealth
 25742 | Swamp:3  | Reached skill level 5 in Dodging
 25843 | Swamp:3  | Reached skill level 10 in Shields
 25843 | Swamp:3  | Reached XP level 18. HP: 89/92 MP: 32/32
 25844 | Swamp:3  | Reached XP level 19. HP: 94/96 MP: 33/33
 26119 | Swamp:3  | Found a runed translucent door.
 26119 | Swamp:3  | Noticed LetschGu's ghost (adept KoSu)
 26423 | Swamp:3  | Killed LetschGu's ghost
 26455 | Swamp:4  | Entered Level 4 of the Swamp
 26455 | Swamp:4  | Noticed a tentacled monstrosity
 26640 | Swamp:4  | Reached skill level 5 in Transmutations
 26675 | Swamp:4  | Killed a tentacled monstrosity
 27780 | Swamp:4  | Reached skill level 10 in Fighting
 27923 | Swamp:4  | Noticed the 27-headed Lernaean hydra
 28109 | Swamp:4  | Identified the +2 helmet of Freedom {Str+2}
 28150 | Swamp:4  | Got a decaying rune of Zot
 28314 | Snake:1  | Entered Level 1 of the Snake Pit
 28373 | Snake:1  | Noticed Aizul
 28408 | Snake:1  | Killed Aizul
 28496 | Snake:1  | Found a large runed translucent door.
 28562 | Snake:1  | Found a large runed translucent door.
 28563 | Snake:1  | Noticed spica's ghost (adept HOBe)
 28578 | Snake:1  | Found Bimivuf's Book Emporium.
 28762 | Snake:1  | Reached skill level 10 in Spellcasting
 28899 | Snake:1  | Noticed Kirke
 28923 | Snake:1  | Killed Kirke
 29201 | Snake:2  | Reached skill level 15 in Hexes
 29255 | Snake:2  | Noticed Asterion
 29262 | Snake:2  | Killed Asterion
 29399 | Snake:2  | Reached XP level 20. HP: 104/104 MP: 35/35
 29433 | Snake:2  | Noticed Vashnia
 29962 | Snake:2  | Killed Vashnia
 31018 | Snake:3  | Reached skill level 10 in Invocations
 31030 | Snake:3  | Acquired the ring "Bineur" {rPois rC+ Will+ Int-4 Slay+3}
 31117 | Snake:3  | HP: 2/105 [shock serpent/bolt of electricity (10)]
 31605 | Snake:3  | Noticed Jorgrun
 31626 | Snake:3  | Killed Jorgrun
 31675 | Snake:3  | Found Nosocu's Specific Store.
 31679 | Snake:3  | Found Zuqasot's General Store.
 31911 | Snake:4  | Entered Level 4 of the Snake Pit
 31911 | Snake:4  | Noticed Mlioglotl
 31913 | Snake:4  | Killed Mlioglotl
 32362 | Snake:4  | Found Moakot's Weapon Boutique.
 33793 | Snake:4  | Got a serpentine rune of Zot
 33884 | Snake:4  | Identified the +5 halberd "Lidurygo" {vamp, rN+ rCorr
                  | Int-3}
 34254 | Vaults:1 | Entered Level 1 of the Vaults
 34296 | Vaults:1 | Reached XP level 21. HP: 106/112 MP: 36/36
 34349 | Vaults:1 | Found a magical portal.
 34364 | WizLab   | Entered The Chambers of the Cloud Mage
 34377 | WizLab   | Paralysed by an air elemental for 1 turns
 34381 | WizLab   | Paralysed by an air elemental for 1 turns
 34432 | WizLab   | Paralysed by an air elemental for 1 turns
 34440 | WizLab   | Paralysed by an air elemental for 1 turns
 34574 | WizLab   | Paralysed by an air elemental for 1 turns
 34578 | WizLab   | Paralysed by an air elemental for 1 turns
 34582 | WizLab   | Paralysed by an air elemental for 1 turns
 34585 | WizLab   | Paralysed by an air elemental for 1 turns
 34589 | WizLab   | Paralysed by an air elemental for 1 turns
 34718 | WizLab   | Paralysed by an air elemental for 1 turns
 34722 | WizLab   | Paralysed by an air elemental for 1 turns
 34867 | WizLab   | Paralysed by an air elemental for 1 turns
 35122 | WizLab   | Paralysed by an air elemental for 1 turns
 35371 | WizLab   | Got the Tome of Flight
 35389 | WizLab   | Identified the +8 dagger "Xom's Passing Interest" {spect,
                  | rN+}
 36824 | Vaults:2 | Found a flickering gateway to a bazaar.
 36830 | Bazaar   | Entered a bazaar
 36844 | Bazaar   | Found Leunaty's Armour Emporium.
 36844 | Bazaar   | Found Xamnihyf's Assorted Antiques.
 36866 | Bazaar   | Found Naqisyer's Antique Weapon Emporium.
 36866 | Bazaar   | Found Sorchem's Distillery.
 36886 | Bazaar   | Found Zirgheig's Book Shoppe.
 36912 | Bazaar   | Found Memaif's Armour Emporium.
 36912 | Bazaar   | Found Riwu's Antique Weapon Shoppe.
 36995 | Bazaar   | Bought a scroll of vulnerability for 180 gold pieces
 36995 | Bazaar   | Bought a scroll of fear for 84 gold pieces
 37001 | Bazaar   | Bought a +0 pair of gloves of dexterity for 126 gold pieces
 37172 | Vaults:2 | Noticed Boris
 37180 | Vaults:2 | Killed Boris
 37395 | Vaults:2 | Noticed Xtahua
 37418 | Vaults:2 | Killed Xtahua
 37468 | Vaults:2 | Reached XP level 22. HP: 119/119 MP: 38/38
 37761 | Vaults:2 | Found a staircase to the Crypt.
 39077 | Vaults:3 | Found a portal to a secret trove of treasure.
 40757 | Vaults:3 | Reached skill level 10 in Armour
 41126 | Vaults:4 | Reached skill level 5 in Earth Magic
 41670 | Vaults:4 | Reached XP level 23. HP: 126/126 MP: 39/39
 42160 | Vaults:4 | Reached skill level 15 in Fighting
 42785 | Elf:1    | Entered Level 1 of the Elven Halls
 43267 | Elf:1    | Got Khufu's Grimoire of Unholy Magic
 43866 | Elf:2    | Found a huge runed translucent gate.
 43866 | Elf:2    | Found a huge runed translucent gate.
 43867 | Elf:2    | Found a huge runed translucent gate.
 43867 | Elf:2    | Found a huge runed translucent gate.
 43867 | Elf:2    | Found a huge runed translucent gate.
 43867 | Elf:2    | Found a huge runed translucent gate.
 43867 | Elf:2    | Found a huge runed translucent gate.
 43867 | Elf:2    | Found a huge runed translucent gate.
 43921 | Elf:2    | Identified the +10 double sword of Fury {freeze, Fragile
                  | Int+5}
 44169 | Elf:2    | Found a runed translucent gate.
 44170 | Elf:2    | Found a runed translucent gate.
 44172 | Elf:2    | Found a runed translucent gate.
 44358 | Elf:2    | Identified the +7 double sword of Wyaretir {drain, rElec
                  | Will+ Str+3 Stlth+}
 45462 | Elf:3    | Entered Level 3 of the Elven Halls
 46162 | Elf:3    | Reached XP level 24. HP: 93/127 MP: 40/40
 46423 | Elf:3    | Learned a level 5 spell: Yara's Violent Unravelling
 46431 | Elf:3    | Learned a level 7 spell: Enfeeble
 46704 | Elf:3    | Found the +14 obsidian axe {vorpal, Mesm Drain Fly SInv}
 46716 | Elf:3    | Got the Handbook of Bewitching Conjuration
 46773 | Elf:3    | Identified the +7 war axe of Muwaumno {speed, rPois Will-
                  | Str+2}
 46774 | Elf:3    | Identified the amulet of Zaigrom {Regen+ Str+4 Dex+8}
 46789 | Elf:3    | Identified the +11 morningstar of the Doomed Warrior
                  | {spect, rC+}
 46803 | Elf:3    | Got the Compendium of the Mutagenic Mountains
 46819 | Elf:3    | Got the Incunabulum of Confrontation
 46844 | Elf:3    | Identified the +8 rapier "Dearphom" {freeze, Fragile rElec
                  | rF++}
 47095 | Depths:1 | Entered Level 1 of the Depths
 47200 | Depths:1 | Found Borhosy's Book Boutique.
 47909 | Depths:1 | Found a gateway to Hell.
 48027 | Depths:2 | Found a one-way gateway to a ziggurat.
 48083 | Depths:2 | Noticed Boris
 48156 | Depths:2 | Found a one-way gate leading to the halls of Pandemonium.
 48164 | Depths:2 | Identified the +1 scale mail of the Tundras {MP-9 Dex+4}
 48858 | Depths:2 | Found a glowing golden altar of the Shining One.
 48970 | Depths:2 | Killed Boris
 49798 | Depths:3 | Found a one-way gate to the infinite horrors of the Abyss.
 50557 | Depths:3 | Reached XP level 25. HP: 137/137 MP: 40/40
 50710 | Depths:4 | Entered Level 4 of the Depths
 50751 | Depths:4 | Noticed Saint Roka
 50778 | Depths:4 | Killed Saint Roka
 50924 | Depths:4 | Found a bloodstained altar of Trog.
 51289 | Vaults:3 | You paid a toll of a +7 demon whip to enter a treasure
                  | trove
 51290 | Trove    | Entered a treasure trove
 51296 | Trove    | Identified the amulet "Tyqirr" {RegenMP rC++ rCorr}
 51299 | Trove    | Identified the ring "Daci" {rN+ Will+ Int+5}
 51303 | Trove    | Identified the amulet "Keus" {RegenMP Drain rElec MP+9
                  | Str+2}
 51305 | Trove    | Identified the ring of Merriatt {Str+6 Int+4}
 51311 | Trove    | Identified the ring of Benevolence {Wiz rElec Str+2 Int+7
                  | Dex+4}
 51313 | Trove    | Identified the ring of Generosity {Contam rF+++ rC++ Will-
                  | Str+6}
 51763 | Depths:4 | Noticed Boris
 51801 | Depths:4 | Paralysed by a floating eye for 2 turns
 51815 | Depths:4 | Identified the ring "Gashuff" {Wiz rElec Str+6}
 51818 | Depths:4 | Killed Boris
 51999 | Depths:4 | Reached skill level 15 in Shields
 52045 | Depths:4 | Identified the ring "Regibb" {rF+ AC+4 Int+6 Dex-2 SInv}
 52060 | Depths:4 | Found a transporter.
 52557 | Depths:4 | Found a transporter.
 52583 | Depths:4 | Found an ornate altar of the Wu Jian Council.
 52621 | Depths:4 | Noticed a dread lich
 52625 | Depths:4 | Killed a dread lich
 52797 | Depths:4 | Identified the ring of Fograhig {Ice Slay+2}
 52807 | Depths:4 | Found a gate to the Realm of Zot.
 53505 | Depths:4 | Learned a level 8 spell: Discord
 53806 | Vaults:5 | Entered Level 5 of the Vaults
 54000 | Vaults:5 | Found Piarevoen's Magic Scroll Boutique.
 54004 | Vaults:5 | Bought a scroll of vulnerability for 150 gold pieces
 54004 | Vaults:5 | Bought a scroll of blinking for 150 gold pieces
 54004 | Vaults:5 | Bought a scroll of teleportation for 60 gold pieces
 54004 | Vaults:5 | Bought a scroll of fog for 40 gold pieces
 54004 | Vaults:5 | Bought a scroll of brand weapon for 400 gold pieces
 54090 | Vaults:5 | Noticed a dread lich
 54121 | Vaults:5 | Noticed a dread lich
 54163 | Vaults:5 | HP: 6/128 [lorocyproca[a dread lich] (6)]
 54174 | Vaults:5 | Killed from afar by a quicksilver dragon

Illustrated notes

Levels and vault maps discovered:
D:1:      minmay_arrival_split_and_join, layout_rooms, minmay_box_of_dots
D:2:      cheibrodos_pilgrimage, layout_rooms
D:3:      layout_rooms, serial_shops, nicolae_shop_statue_plus,
          grunt_ministairs_8, uniq_ijyb
D:4:      layout_cave_pools
D:5:      layout_rooms, temple_hall, ebering_ghost_sewer_f, kennysheep_potato
D:6:      layout_rooms, serial_shops, nicolae_lakefront_shop,
          minmay_mini_ossuary
D:7:      layout_cave_pools, dk_xom_monty_hall, gammafunk_ghost_arena,
          kb_lookout_dungeons_type
D:8:      layout_loops_cross, serial_shops, nicolae_stop_n_shop_2,
          fungi_pond_lemuel
D:9:      layout_basic, gammafunk_ghost_arena, special_room [special_room_orc]
D:10:     layout_roguey, ploomutoo_gammafunk_ghost_potion_laboratory,
          enter_bailey_5, serial_glass, glass_columns_a, glass_columns_b
D:11:     layout_basic, erik_lair_orcish_takeover, david_orc_4, serial_shops,
          nicolae_shop_crystal
D:12:     layout_loops_ring, muffindrake_ghost_dual_entry, uniq_maurice,
          uniq_azrael
D:13:     layout_basic, serial_glass, glass_columns_c, glass_columns_c,
          glass_columns_b, glass_columns_c, glass_columns_b, serial_shops,
          shop_fountains, nicolae_square_shop,
          nicolae_shop_bloodbath_and_beyond, uniq_josephine
D:14:     layout_roguey, david_vaults_2, hex_medium, st_stairs_8
D:15:     hangedman_depths_entry_try_elsewhere_first, layout_gridville,
          cheibrodos_worm_habitat, uniq_louise
Temple:   mainiacjoe_temple_trianglar_array
Lair:1:   layout_layer_cave, minmay_stone_trees_small,
          kennysheep_abandoned_house
Lair:2:   layout_chaotic_city, guppyfry_snake_entry_island, st_stairs_12,
          nicolae_quartered_pool_medium
Lair:3:   layout_chaotic_city, nicolae_volcano_entry_s_turn
Lair:4:   layout_regular_city, minmay_swamp_entry_reptiles,
          gauntlet_entry_generic, eino_small_chamber_without_monster,
          minmay_stone_trees_medium, minivault_26, kennysheep_snail_temple
Lair:5:   layout_long_grid, basic_altar, uniq_sonja
Lair:6:   grunt_lair_end_beastmaster, layout_regular_city, slime_altar_1,
          grunt_megastairs_3, serial_bayou_shore_a, uniq_snorg
Swamp:1:  layout_falls_marsh, evilmike_swamp_ruin_house_2
Swamp:2:  layout_basic_swamp, evilmike_swamp_ruin_rubble_1
Swamp:3:  nzn_winding_woodlands_cross [nzn_winding_woodlands_5x15_zeroes,
          nzn_winding_woodlands_5x15_garden, nzn_winding_woodlands_5x15_cabin,
          nzn_winding_woodlands_5x15_longhouse,
          nzn_winding_woodlands_15x15_boxy_spiral], layout_falls_marsh,
          ebering_ghost_inner_flame, nicolae_swamp_ascending_descending,
          swamp_pool1
Swamp:4:  grunt_swamp_rune_castle, layout_basic_swamp, swamp_pool4,
          infiniplex_staircase_pool
Snake:1:  layout_grid_shapes, ebering_ghost_disaster_area, drop_trap,
          minmay_shop_star, uniq_kirke, uniq_aizul
Snake:2:  layout_cave_town, uniq_vashnia, uniq_asterion
Snake:3:  layout_rooms, nicolae_specific_store, uniq_jorgrun
Snake:4:  snake_pit_salamanders_mu, layout_cave_town, serial_shops,
          nicolae_square_shop, uniq_mlioglotl
Orc:1:    layout_caves, basic_altar
Orc:2:    st_orc_town, layout_caves, special_room
Elf:1:    eino_elf_arrival_shootout, layout_gridlike, serial_glass,
          glass_columns_b, glass_columns_b, special_room
          [special_room_mythical_zoo], minmay_elf_necromancy
Elf:2:    nicolae_elf_blades_splatter_lattice
          [nicolae_blade_entry_floor_patterns], layout_gridlike,
          nicolae_elf_double_double_double_trouble
Elf:3:    minmay_elf_hall, layout_rooms, grunt_megastairs_5
Vaults:1: infiniplex_enter_wizlab_water, nicolae_vaults_quartermaster,
          nicolae_vaults_little_squares_3, nicolae_vaults_little_squares_6,
          nicolae_vaults_ninety_degrees, nicolae_vaults_big_ls,
          grunt_vaults_hallway_short, hangedman_vaults_maws,
          vaults_room_door_ring, v_misc_5, layout_vaults_omnibox
Vaults:2: nicolae_vaults_hallways_thing, minmay_crypt_entry_nasty_monster,
          hangedman_vaults_stretched_pinwheel, vaults_dpeg_spiral,
          ontoclasm_vaults_pinch, v_pattern_5, hangedman_vaults_cutoff,
          v_misc_24, nicolae_vaults_network_s, nicolae_vaults_specimen_jars,
          v_misc_14, layout_vaults_maze_bifur, serial_shops, bzr_entry_safe,
          uniq_xtahua, uniq_boris
Vaults:3: vaults_mumra_minichess_inversion, ontoclasm_vaults_idyll,
          nicolae_vaults_disjoint_gnomons, v_misc_12, v_misc_3,
          dpeg_vaults_monster_row, ontoclasm_vaults_shuriken,
          ontoclasm_vaults_claustrophobia, vaults_mumra_minichess,
          vaults_room_door_ring, v_misc_22, layout_vaults_omnigrid,
          enter_trove_0
Vaults:4: nicolae_vaults_shelves_hall, nicolae_vaults_yaktaur_gun_rack,
          nicolae_vaults_branching_niches, nicolae_vaults_disjoint_gnomons,
          v_rooms_1, vaults_room_hallway, hangedman_vaults_restitches,
          v_alt_pattern_3, ontoclasm_vaults_idyll, vaults_dpeg_encased_lava,
          layout_vaults_omnicross
Vaults:5: serial_shops
Depths:1: layout_gridlike, nicolae_two_hexagons, lightli_too_deep, serial_shops,
          nicolae_shop_behind_doors, minmay_liquid_box,
          kennysheep_generic_room_10
Depths:2: abrahamwl_protected_by_tso_2, layout_long_grid, enter_ziggurat_c,
          grunt_pan_entry_sceptre, hell_entry
Depths:3: kennysheep_demon_jail, layout_cave_shapes,
          hangedman_abyss_entry_splay, grunt_hell_entry_dis_mu
Depths:4: hangedman_spin_cycle, abyss_entry, hell_entry, pan_entry

Skill      XL: |  1  2  3  4  5  6  7  8  9 10 11 12 13 14 15 16 17 18 19 20 21 22 23 24 25 |
---------------+----------------------------------------------------------------------------+-----
Short Blades   | 1 2 3 4 6 7 8 9 10 | 10.5
Stealth        | 4 5 6 8 9 11 12 13 14 15 16 17 18 | 18.7
Fighting       | 1 2 3 4 5 6 7 8 9 10 12 13 14 15 16 | 16.4
Dodging        | 2 3 4 5 6 7 |  7.0
Hexes          | 4 5 6 7 8 9 10 11 12 13 14 15 16 17 18 | 18.8
Spellcasting   | 3 4 5 6 7 8 9 10 11 12 13 | 13.2
Ice Magic      | 2 4 5 6 7 8 9 |  9.0
Conjurations   | 1 3 4 5 6 |  6.0
Shields        | 1 3 5 6 7 8 10 11 12 13 14 15 | 15.4
Invocations    | 2 4 5 7 8 9 11 12 13 14 | 14.7
Armour         | 1 2 3 4 6 7 8 9 10 11 12 | 12.4
Translocations | 1 3 4 5 |  5.0
Earth Magic    | 1 2 3 4 5 6 7 |  7.0
Transmutations | 1 3 4 5 6 7 8 9 |  9.3

Action                   |  1- 3 |  4- 6 |  7- 9 | 10-12 | 13-15 | 16-18 | 19-21 | 22-24 | 25-27 || total
-------------------------+-------+-------+-------+-------+-------+-------+-------+-------+-------++-------
Melee: Dagger            |    80 |   110 |   191 |   495 |  1041 |       |       |       |       ||  1917
       Bite              |    14 |    23 |    57 |   175 |   461 |   160 |   605 |  1008 |   264 ||  2767
       Punch             |       |     1 |     4 |     1 |       |       |       |       |       ||     6
       Quick blade       |       |       |       |       |    67 |   396 |  1375 |  1817 |   485 ||  4140
 Cast: Ensorcelled Hiber |     6 |    31 |     4 |    16 |    70 |    59 |    77 |    23 |     3 ||   289
       Tukima's Dance    |       |       |     1 |    23 |    23 |     2 |       |    15 |     9 ||    73
       Dazzling Flash    |       |       |       |    23 |    55 |     6 |    47 |    34 |    17 ||   182
       Confusing Touch   |       |       |       |     8 |    38 |    25 |    40 |     9 |     2 ||   122
       Cause Fear        |       |       |       |     1 |    17 |     4 |    11 |    13 |    10 ||    56
       Metabolic Englaci |       |       |       |       |    17 |       |    25 |    25 |    11 ||    78
       Enfeeble          |       |       |       |       |       |       |       |       |     9 ||     9
       Discord           |       |       |       |       |       |       |       |       |     1 ||     1
Invok: Shadow Step       |       |       |       |       |       |       |     1 |       |       ||     1
       Shadow Form       |       |       |       |       |       |       |       |     2 |       ||     2
Evoke: Wand              |       |       |       |       |     7 |       |       |     2 |       ||     9
       Condenser vane    |       |       |       |       |       |       |     1 |       |       ||     1
  Use: Scroll            |       |     2 |    10 |    16 |    13 |     2 |    10 |     9 |    12 ||    74
       Potion            |       |       |     3 |     1 |       |     3 |     4 |       |     3 ||    14
 Stab: Sleeping          |     9 |    25 |    15 |    45 |    87 |    49 |   154 |   133 |    31 ||   548
       Distracted        |       |     1 |     1 |     3 |     8 |     8 |    11 |    11 |     6 ||    49
       Invisible         |       |       |       |    29 |    41 |     5 |    46 |    32 |    24 ||   177
       Confused          |       |       |       |     6 |    26 |    24 |    28 |     9 |     2 ||    95
       Fleeing           |       |       |       |       |     2 |     1 |     1 |     1 |     2 ||     7
       Petrified         |       |       |       |       |     8 |       |       |       |       ||     8
       Petrifying        |       |       |       |       |     4 |       |       |       |       ||     4
Armor: Robe              |    15 |    11 |    36 |    39 |       |       |       |       |       ||   101
       Steam dragon scal |       |       |       |    66 |    27 |       |       |       |       ||    93
       Leather armour    |       |       |       |       |   133 |    99 |   162 |       |       ||   394
       Troll leather arm |       |       |       |       |   149 |       |       |       |       ||   149
       Ring mail         |       |       |       |       |       |       |   220 |   244 |    64 ||   528
Dodge: Dodged            |    46 |    62 |   122 |   223 |   447 |   114 |   365 |   331 |    85 ||  1795
Block: Other             |    12 |    27 |    42 |    25 |       |       |       |       |       ||   106
       Reflection        |       |     2 |     3 |     5 |     1 |     5 |    60 |    90 |     5 ||   171
       Buckler           |       |       |       |   164 |   522 |   136 |   326 |       |       ||  1148
       Tower shield      |       |       |       |       |       |       |   390 |  1481 |   452 ||  2323
